 Dungeon Crawl Stone Soup version 0.17-a0-1360-g37db002 (webtiles) character file.

415340 Fluffy the Warrior (level 23, -31/159 HPs)
             Began as a Gargoyle Fighter on June 10, 2015.
             Was the Champion of Okawaru.
             Annihilated by an enormous slime creature (56 damage)
             ... on level 1 of the Pits of Slime on June 11, 2015.
             The game lasted 03:44:47 (52488 turns).

Fluffy the Warrior (Gargoyle Fighter)              Turns: 52488, Time: 03:44:48

Health: -31/159    AC: 43    Str: 26    XL:     23   Next: 59%
Magic:  2/21       EV: 26    Int: 15    God:    Okawaru [******]
Gold:   6156       SH: 17    Dex: 20    Spells: 0 memorised, 22 levels left

rFire  + + .     SeeInvis +     H - +5 eveningstar of Courage {holy, Int+4 SInv}
rCold  + + +     Clarity  +     o - +6 scale mail "Quleyh" {rCorr}
rNeg   + + .     SustAt   .     C - +7 buckler of the Sea {rElec}
rPois  ∞         Gourm    .     X - +0 hat "Jauwkiroqi" {+Blink rF+ Str+2}
rElec  +         Spirit   .     I - +2 cloak
rCorr  +         Warding  .     P - +2 pair of gloves of Shielding {rC+++ MP-9 Dex+4}
rMut   +         Stasis   .     Y - +2 pair of boots {run}
MR     ++...                    r - amulet of resist mutation
Stlth  ++........               s - ring of protection from magic
                                S - ring "Ciczot" {rPois rF+ rN+ Str+3}

@: heroism, finesse, corroded equipment, flying, quick, very resistant to
hostile enchantments, unstealthy
A: big wings, clarity, negative energy resistance 1, electricity resistance,
unbreathing, petrification resistance, rot immunity, AC +17
a: Stop Flying, Heroism, Finesse, Renounce Religion, Evoke Blink
}: 2/15 runes: decaying, serpentine


You were on level 1 of the Pits of Slime.
You worshipped Okawaru.
Okawaru was exalted by your worship.
You were very hungry.

You visited 10 branches of the dungeon, and saw 48 of its levels.
You also visited: Ice Cave.

You collected 6342 gold pieces.
You spent 186 gold pieces at shops.

Inventory:

Hand weapons
 H - the +5 eveningstar of Courage (weapon) {holy, Int+4 SInv}
   (Okawaru gifted it to you on level 7 of the Lair of Beasts)

   It has been blessed by the Shining One to cause great damage to the undead
   and demons.
   It affects your intelligence (+4).
   It lets you see invisible.
Armour
 o - the +6 scale mail "Quleyh" (worn) {rCorr}
   (You found it on level 11 of the Dungeon)

   It protects you from acid and corrosion.
 y - the +1 scale mail of the Mind {MR++ Regen+ MP+9}
   (Okawaru gifted it to you on level 7 of the Lair of Beasts)

   It affects your resistance to hostile enchantments.
   It affects your magic capacity (+9).
   It increases your rate of regeneration.
 C - the +7 buckler of the Sea (worn) {rElec}
   (Okawaru gifted it to you on level 1 of the Lair of Beasts)

   It insulates you from electricity.
 I - a +2 cloak (worn)
 P - the +2 pair of gloves of Shielding (worn) {rC+++ MP-9 Dex+4}
   (You acquired it on level 3 of the Lair of Beasts)

   It affects your dexterity (+4).
   It renders you almost immune to cold.
   It affects your magic capacity (-9).
 V - the +3 fire dragon armour "Toguenae" {rF++ rC- rN+}
   (You took it off a deep elf priest on level 3 of the Elven Halls)

   It greatly protects you from fire.
   It makes you vulnerable to cold.
   It protects you from negative energy.
 X - the +0 hat "Jauwkiroqi" (worn) {+Blink rF+ Str+2}
   (Okawaru gifted it to you on level 3 of the Swamp)

   It affects your strength (+2).
   It protects you from fire.
   It lets you blink.
 Y - a +2 pair of boots of running (worn)
Rods
 M - a +0 iron rod (11/11)
   (You found it on level 3 of the Crypt)
 Z - a +2 rod of destruction (13/13)
   (You found it in an ice cave)
Jewellery
 r - an amulet of resist mutation (around neck)
 s - a ring of protection from magic (right hand)
 S - the ring "Ciczot" (left hand) {rPois rF+ rN+ Str+3}
   (You found it on level 3 of the Crypt)

   [ring of positive energy]

   It affects your strength (+3).
   It protects you from fire.
   It protects you from poison.
   It protects you from negative energy.
 W - the ring of Sloth {rN+ Dex+2}
   (You found it on level 3 of the Crypt)

   [ring of positive energy]

   It affects your dexterity (+2).
   It protects you from negative energy.
Magical devices
 a - a wand of disintegration (12)
 b - a wand of digging (23)
 c - a wand of fireball (6)
 g - a wand of digging (12)
 q - a wand of teleportation (2)
 G - a wand of disintegration (13)
 L - a wand of heal wounds (4)
Scrolls
 f - 16 scrolls of remove curse
 j - 7 scrolls of enchant armour
 k - 9 scrolls of teleportation
 l - 5 scrolls of enchant weapon
 p - 7 scrolls of recharging
 w - 9 scrolls of magic mapping
 A - 23 scrolls of identify
 B - 2 scrolls of acquirement
 O - 4 scrolls of holy word
 Q - a scroll of brand weapon
 U - 6 scrolls of blinking
Potions
 d - 8 potions of might
 h - 6 potions of heal wounds
 n - 2 potions of invisibility
 t - 4 potions of cure mutation
 x - 15 potions of curing
 z - 7 potions of haste
 D - a potion of cancellation
 J - a potion of agility
 K - 9 potions of resistance
Miscellaneous
 u - a fan of gales
 E - a stone of tremors
 R - a phial of floods
Comestibles
 e - 19 bread rations
 i - 21 meat rations
 m - 16 slices of pizza
 v - 2 beef jerkies
 N - 36 fruits


   Skills:
 + Level 20.8(25.8) Fighting
 + Level 20.4(25.4) Maces & Flails
 + Level 20.7(25.7) Armour
 + Level 13.1(18.1) Dodging
 - Level 15.1(20.1) Shields
 - Level 9.4 Invocations


You had 22 spell levels left.
You didn't know any spells.

Dungeon Overview and Level Annotations

Branches:
Dungeon (15/15)            Temple (1/1) D:4            Lair (8/8) D:10
  Swamp (4/4) Lair:6        Snake (4/4) Lair:5        Slime (2/6) Lair:7
    Orc (4/4) D:9             Elf (3/3) Orc:3        Vaults (4/5) D:13
  Crypt (3/3) Vaults:2       Tomb (0/3) Crypt:3      Depths (0/5) D:15

Altars:
Ashenzari
Cheibriados
Dithmenos
Elyvilon
Fedhas
Gozag
Kikubaaqudgha
Makhleb
Nemelex Xobeh
Okawaru
Qazlal
Ru
Sif Muna
Trog
Vehumet
Xom
Yredelemnul
Zin
The Shining One
Beogh

Shops:
D:4 *   D:6 *   D:7 %   D:14 (?(*   Orc:2 *   Orc:4 %*%!   Elf:2 :   Elf:3 (*:
Snake:2 [   Vaults:1 [   Vaults:4 ?

Annotations:
Swamp:4 Nikola


Innate Abilities, Weirdness & Mutations

You are resistant to torment.
Your stone body is resilient (AC +17).
You are immune to poison.
Your large and strong wings let you fly indefinitely.
You resist negative energy.
You are resistant to electric shocks.
You can survive without breathing.
You are immune to petrification.
You are immune to rotting.
You possess an exceptional clarity of mind.


Message History

The very large slime creature barely misses you.
The slime creature hits you but does no damage.
You block the slime creature's attack.
Two slime creatures merge to form a large slime creature.
A slime creature comes into view.
Use which ability? (? or * to list)
You gain the combat prowess of a mighty hero.
You feel slightly more hungry.
You block the very large slime creature's attack.
You block the slime creature's attack. The enormous slime creature hits you!!
* * * LOW HITPOINT WARNING * * *
The very large slime creature completely misses you.
The slime creature misses you. x3
Use which ability? (? or * to list)
You can now deal lightning-fast blows.
You are feeling very hungry.
You block the very large slime creature's attack.
You block the slime creature's attack. x2
The enormous slime creature hits you!!!
You die...

##..# ....##
##..J. .....#
##..... ....##
#......##.....#
.......JJ...>..
...............
......JJJ......
......J@J......
.##...JJJ..##..
#.....J....#
##...........#
#.#...........
#. ............
# .............
..............


You could see an enormous slime creature, 2 very large slime creatures, a large
slime creature, 7 slime creatures and a jelly.

Vanquished Creatures
  Mara (Snake:4)
  3 liches
  Asterion (Elf:1)
  2 deep elf blademasters (Elf:3)
  2 deep elf master archers (Elf:3)
  4 acid blobs
  Gastronok (D:11)
  A thorn hunter (Swamp:4)
  Frances (Swamp:1)
  2 tengu reavers
  Kirke (Swamp:4)
  The ghost of Oddysee the Impaler, a mighty MiBe of Trog (Snake:1)
  2 ancient champions
  6 revenants
  Roxanne (Swamp:4)
  17 greater nagas
  An azure jelly (Slime:2)
  An orc warlord (Orc:2)
  Maud (Lair:7)
  11 vault wardens
  A frost giant (IceCv)
  Louise (Swamp:4)
  A fire giant (Vaults:3)
  4 deep elf sorcerers
  3 curse skulls
  3 ghouls
  11 ironheart preservers
  2 stone giants
  4 vampire knights
  9 deep elf demonologists (Elf:3)
  7 deep elf annihilators
  A spectral titan (Crypt:3)
  7 vault guards
  A fire dragon (shapeshifter) (Elf:3)
  9 deep elf death magi
  Snorg (Orc:1)
  4 jiangshi
  2 eidola (Crypt:3)
  2 fire dragons
  2 deep elf high priests (Elf:3)
  A small abomination (Vaults:2)
  2 great orbs of eyes (Vaults:3)
  10 yaktaur captains
  An entropy weaver (Vaults:4)
  27 hydras
  2 ice dragons (D:15)
  2 quicksilver dragon skeletons (Crypt:2)
  Erolcha (D:11)
  A catoblepas (Lair:8)
  2 death knights
  18 naga warriors
  2 rakshasas
  8 anacondas
  5 ghost crabs
  5 centaur warriors
  A deep troll earth mage (Vaults:2)
  14 dancing weapons (Elf:2)
  4 alligators
  A vampire mage (Crypt:2)
  6 death yaks
  A deep troll shaman (Vaults:4)
  11 ogre magi
  3 salamander stormcallers
  2 orc high priests
  A titan zombie (Crypt:2)
  A spectral dire elephant (Crypt:3)
  16 shadow wraiths (Crypt:3)
  Urug (D:11)
  14 deep elf knights
  6 shock serpents
  13 naga sharpshooters
  Nergalle (D:12)
  A ghost moth zombie (Crypt:2)
  2 fire crabs
  A salamander mystic (Snake:2)
  4 naga ritualists
  16 skeletal warriors
  10 deep trolls
  11 swamp dragons
  17 ironbrand convokers
  7 flayed ghosts
  An ice statue (IceCv)
  17 deep elf summoners
  4 hill giants
  3 unseen horrors
  4 shambling mangroves
  18 deep elf conjurers
  20 orc knights
  16 phantasmal warriors
  A shadow dragon zombie (Crypt:1)
  4 harpies (Vaults:3)
  A wolf spider zombie (D:15)
  21 ugly things
  3 mana vipers (Snake:1)
  3 necromancers
  A sphinx zombie (Crypt:3)
  6 wolf spiders
  3 shining eyes
  3 manticores
  A spectral ettin (Crypt:3)
  3 cyclopes
  7 salamanders
  5 hornets
  5 orc sorcerers
  7 griffons
  23 black mambas
  8 elephants (Lair:7)
  A fire giant skeleton (Crypt:1)
  18 guardian serpents
  A dire elephant zombie (Crypt:1)
  A moth of wrath (shapeshifter) (D:15)
  Maurice (Orc:4)
  An octopode (shapeshifter) (Elf:2)
  Joseph (D:10)
  13 vault sentinels
  A torpor snail (Lair:7)
  21 spiny frogs
  2 gargoyles
  A black mamba (shapeshifter) (Vaults:3)
  A sea snake zombie (Crypt:2)
  19 naga magi
  5 orange demons (D:13)
  10 komodo dragons
  50 yaktaurs
  2 kobold demonologists (D:13)
  13 freezing wraiths
  6 fire drakes
  13 two-headed ogres
  A black draconian skeleton (Crypt:2)
  A white draconian skeleton (Crypt:3)
  2 red devils (D:13)
  5 spriggan druids
  11 deep elf priests
  22 polar bears
  12 trolls
  26 blink frogs
  A polar bear (shapeshifter) (Vaults:2)
  7 giant leeches
  9 bog bodies
  Prince Ribbit (Lair:1)
  A griffon zombie (Crypt:2)
  40 slime creatures
  A fire vortex (Vaults:3)
  A jumping spider (shapeshifter) (Elf:2)
  3 boulder beetles
  2 hydra skeletons
  A tarantella zombie (Crypt:2)
  11 redbacks
  3 wyverns
  12 flying skulls
  A griffon skeleton (Crypt:1)
  A frost giant simulacrum (Crypt:2)
  Sigmund (D:6)
  2 tarantellas (Vaults:4)
  10 wraiths
  An alligator skeleton (Crypt:3)
  A yak (shapeshifter) (Vaults:4)
  8 shadows
  32 deep elf magi
  21 spriggans
  3 vampires
  2 basilisks
  A basilisk (shapeshifter) (Vaults:2)
  3 hogs (Swamp:4)
  A hog (shapeshifter) (Vaults:4)
  9 hungry ghosts
  34 deep elf fighters
  A golden eye (shapeshifter) (Vaults:2)
  28 vampire mosquitoes
  12 hippogriffs
  86 yaks
  Menkaure (D:6)
  3 mottled dragons
  An infernal demonspawn zombie (Crypt:1)
  36 wolves
  7 wargs
  Edmund (D:5)
  17 swamp worms
  20 water moccasins
  12 insubstantial wisps
  39 nagas
  12 swamp drakes
  An orb spider zombie (Crypt:3)
  Duvessa (D:5)
  3 eyes of draining
  4 ice beasts (D:14)
  20 wasps
  7 black bears
  A putrid demonspawn skeleton (Crypt:3)
  A soldier ant (D:13)
  12 porcupines
  37 ogres
  A necrophage (D:11)
  60 orc warriors
  5 phantoms
  An ettin simulacrum (Vaults:1)
  5 boggarts
  An anubis guard skeleton (Crypt:1)
  14 centaurs
  2 brain worms
  11 crocodiles
  Blork the orc (D:4)
  A gnoll sergeant (D:11)
  A big kobold (shapeshifter) (D:15)
  24 giant frogs
  Dowan (D:5)
  A wyvern skeleton (D:9)
  A deep troll simulacrum (Vaults:2)
  8 scorpions
  A human simulacrum (Vaults:3)
  10 wights
  8 crimson imps
  A yak skeleton (Crypt:1)
  2 electric eels (D:10)
  4 centaur zombies
  10 jellies
  2 quasits
  31 orc priests
  6 hounds
  37 orc wizards
  Crazy Yiuf (D:2)
  Ijyb (D:3)
  5 centaur skeletons
  2 giant frog zombies
  3 giant frog skeletons
  8 iguanas
  21 sheep
  12 worker ants
  A dwarf zombie (Crypt:1)
  A killer bee zombie (Crypt:1)
  A naga zombie (Crypt:1)
  A brain worm zombie (Crypt:3)
  8 ogre zombies (D:9)
  A felid skeleton (Crypt:2)
  A naga skeleton (Crypt:1)
  A hound skeleton (D:4)
  A worker ant zombie (D:10)
  A swamp drake zombie (Crypt:1)
  3 gnolls (D:4)
  88 river rats
  2 shadow imps
  15 adders
  An ufetubus (Vaults:3)
  An ooze (D:1)
  A lava snake zombie (Crypt:3)
  4 adder skeletons
  3 worms
  5 giant geckos
  187 orcs
  A bat skeleton (D:4)
  30 goblins
  21 hobgoblins
  7 jackals
  17 kobolds
  4 quokkas
  22 bats
  3 giant cockroaches
  A giant cockroach zombie (Crypt:2)
  2 giant newts
  A goblin skeleton (D:9)
  5 goblin zombies (D:9)
  A hobgoblin skeleton (D:9)
  A hobgoblin zombie (D:9)
  A jackal skeleton (Crypt:1)
  2 orc skeletons (D:9)
  15 orc zombies (D:9)
  23 rats
  2 rat zombies
  A bush (Lair:8)
  3 crawling corpses
  2 fungi
  A plant (Lair:8)
2219 creatures vanquished.

Vanquished Creatures (others)
  An entropy weaver (Vaults:3)
  A deep elf high priest (Elf:3)
  A ghost crab (Swamp:4)
  A wolf spider (Vaults:3)
  A blink frog (Lair:6)
  A two-headed ogre (Vaults:2)
  2 hogs (Swamp:4)
  A deep elf fighter (Vaults:4)
  An orc wizard (Vaults:2)
  An orc (Orc:2)
  18 fungi
  7 lost souls
  3 plants
39 creatures vanquished.

Grand Total: 2258 creatures vanquished

Notes
Turn   | Place    | Note
--------------------------------------------------------------
     0 | D:1      | Fluffy the Gargoyle Fighter began the quest for the Orb.
     0 | D:1      | Reached XP level 1. HP: 14/14 MP: 1/1
   179 | D:1      | Reached XP level 2. HP: 19/19 MP: 2/2
   609 | D:1      | Reached XP level 3. HP: 23/23 MP: 3/3
   963 | D:2      | Reached skill level 4 in Maces & Flails
  1038 | D:2      | Reached XP level 4. HP: 10/28 MP: 4/4
  1665 | D:2      | Noticed Crazy Yiuf
  1671 | D:2      | Killed Crazy Yiuf
  1975 | D:3      | Reached skill level 5 in Maces & Flails
  1975 | D:3      | Reached XP level 5. HP: 29/32 MP: 5/5
  2237 | D:3      | Noticed Ijyb
  2276 | D:3      | Killed Ijyb
  2502 | D:3      | Reached skill level 6 in Maces & Flails
  2542 | D:3      | Reached XP level 6. HP: 32/37 MP: 6/6
  2552 | D:3      | You fall through a shaft for 3 floors!
  2656 | D:6      | Reached skill level 7 in Maces & Flails
  2680 | D:6      | Reached XP level 7. HP: 39/41 MP: 7/7
  2746 | D:6      | Noticed Menkaure
  2759 | D:6      | Killed Menkaure
  2781 | D:6      | Found a glowing golden altar of the Shining One.
  2797 | D:5      | Entered Level 5 of the Dungeon
  2842 | D:5      | Reached skill level 8 in Maces & Flails
  2851 | D:5      | Noticed Edmund
  2886 | D:5      | Killed Edmund
  3306 | D:4      | Found a staircase to the Ecumenical Temple.
  3348 | Temple   | Entered the Ecumenical Temple
  3370 | Temple   | Became a worshipper of Warmaster Okawaru
  3717 | D:4      | Found Zinuace's Assorted Antiques.
  3725 | D:4      | Reached skill level 9 in Maces & Flails
  3725 | D:4      | Reached XP level 8. HP: 34/46 MP: 8/8
  4002 | D:4      | Reached skill level 1 in Invocations
  4127 | D:4      | Noticed Blork the orc
  4136 | D:4      | Killed Blork the orc
  4166 | D:4      | Found a sacrificial altar of Ru.
  4166 | D:4      | Found an opulent altar of Gozag.
  4773 | D:5      | Acquired Okawaru's first power
  4801 | D:5      | Noticed Duvessa
  4801 | D:5      | Noticed Dowan
  4823 | D:5      | Killed Duvessa
  4847 | D:5      | Killed Dowan
  5469 | D:6      | Found Decs's Hallowed Reliquary.
  5469 | D:6      | Found a glowing golden altar of the Shining One.
  5470 | D:6      | Noticed an angel
  5651 | D:6      | Reached XP level 9. HP: 50/52 MP: 11/11
  5671 | D:6      | Reached skill level 5 in Armour
  6159 | D:6      | Noticed Sigmund
  6167 | D:6      | Killed Sigmund
  6167 | D:6      | Reached skill level 5 in Shields
  6261 | D:7      | Reached skill level 5 in Fighting
  6371 | D:7      | Got an encrusted cloak
  6382 | D:7      | Identified the +1 cloak of the Six Seas {*Corrode rPois rF+ Slay+3} (You found it on level 7 of the Dungeon)
  6599 | D:7      | Found a blossoming altar of Fedhas.
  6683 | D:7      | Found Uroqy's Food Boutique.
  7196 | D:8      | Got a transparent great sword
  7221 | D:8      | Identified the +0 great sword "Silleczigik" {holy, Int+5} (You found it on level 8 of the Dungeon)
  7289 | D:8      | Found a shimmering altar of Xom.
  7301 | D:8      | Reached skill level 10 in Maces & Flails
  7454 | D:8      | Reached skill level 5 in Invocations
  7481 | D:8      | Reached XP level 10. HP: 49/60 MP: 13/13
  7578 | D:8      | Found a glowing silver altar of Zin.
  7675 | D:9      | Found a staircase to the Orcish Mines.
  7857 | D:9      | Noticed a guardian serpent
  7871 | D:9      | Killed a guardian serpent
  8879 | D:10     | Entered Level 10 of the Dungeon
  8879 | D:10     | Noticed Joseph
  8896 | D:10     | Killed Joseph
  9081 | D:10     | Noticed a hill giant
  9093 | D:10     | Killed a hill giant
  9093 | D:10     | Acquired Okawaru's second power
  9227 | D:10     | Noticed a hill giant
  9239 | D:10     | Killed a hill giant
  9239 | D:10     | Received a gift from Okawaru
  9245 | D:10     | Reached XP level 11. HP: 67/67 MP: 14/16
  9367 | D:10     | Found a staircase to the Lair.
  9662 | Lair:1   | Entered Level 1 of the Lair of Beasts
  9718 | Lair:1   | Reached skill level 11 in Maces & Flails
  9878 | Lair:1   | Noticed Prince Ribbit
  9890 | Lair:1   | Killed Prince Ribbit
 10133 | Lair:1   | Received a gift from Okawaru
 10165 | Lair:1   | Got a bloodstained buckler {god gift}
 10176 | Lair:1   | Identified the +7 buckler of the Sea {rElec} (Okawaru gifted it to you on level 1 of the Lair of Beasts)
 10258 | Lair:1   | Noticed a six-headed hydra
 10271 | Lair:1   | Killed a six-headed hydra
 10533 | Lair:2   | Got a brightly glowing ring mail
 10544 | Lair:2   | Identified the cursed +1 ring mail "Kuxojat" {-Cast +Blink rF+++ rC+} (You found it on level 2 of the Lair of Beasts)
 10724 | Lair:2   | Reached XP level 12. HP: 75/75 MP: 18/18
 11268 | Lair:3   | Noticed a five-headed hydra
 11268 | Lair:3   | Noticed a seven-headed hydra
 11280 | Lair:2   | Killed a seven-headed hydra
 11289 | Lair:3   | Killed a five-headed hydra
 11674 | Lair:3   | Reached skill level 12 in Maces & Flails
 11722 | Lair:3   | Noticed a six-headed hydra
 11730 | Lair:3   | Killed a six-headed hydra
 11730 | Lair:3   | Reached skill level 10 in Armour
 11827 | Lair:3   | Identified a scroll of acquirement
 11828 | Lair:3   | Got a pair of pitted gloves
 11839 | Lair:3   | Identified the +2 pair of gloves of Shielding {rC+++ MP-9 Dex+4} (You acquired it on level 3 of the Lair of Beasts)
 11909 | Lair:3   | Received a gift from Okawaru
 12167 | Lair:3   | Identified a +1 rod of the swarm (14/14) (You found it on level 3 of the Lair of Beasts)
 12563 | Lair:4   | Reached skill level 10 in Fighting
 13213 | Lair:5   | Found a staircase to the Snake Pit.
 13344 | Lair:5   | Noticed a seven-headed hydra
 13358 | Lair:5   | Killed a seven-headed hydra
 13358 | Lair:5   | Reached XP level 13. HP: 48/83 MP: 11/20
 14493 | Lair:6   | Found a staircase to the Swamp.
 14630 | Lair:6   | Reached skill level 13 in Maces & Flails
 15021 | Lair:6   | Found a staircase to the Slime Pits.
 15303 | Lair:7   | Received a gift from Okawaru
 15343 | Lair:7   | Got a jet-studded scale mail {god gift}
 15356 | Lair:7   | Identified the +1 scale mail of the Mind {MR++ Regen+ MP+9} (Okawaru gifted it to you on level 7 of the Lair of Beasts)
 15412 | Lair:7   | Found a staircase to the Slime Pits.
 15640 | Lair:7   | Noticed Maud
 15658 | Lair:7   | Killed Maud
 16483 | Lair:7   | Got an ichor-stained leather armour
 16484 | Lair:7   | Identified the +1 leather armour "Qaave" {+Blink Int+3 Stlth-} (You found it on level 7 of the Lair of Beasts)
 16599 | Lair:7   | Paralysed by the power of Zot for 2 turns
 16645 | Lair:7   | Gained mutation: Your large and strong wings let you fly indefinitely. [Gargoyle growth]
 16645 | Lair:7   | Reached XP level 14. HP: 90/92 MP: 21/21
 16686 | Lair:7   | Received a gift from Okawaru
 16687 | Lair:7   | Got a jewelled eveningstar {god gift}
 16688 | Lair:7   | Identified the +5 eveningstar of Courage {holy, Int+4 SInv} (Okawaru gifted it to you on level 7 of the Lair of Beasts)
 17043 | Lair:8   | Entered Level 8 of the Lair of Beasts
 17061 | Lair:8   | Reached skill level 14 in Maces & Flails
 17248 | Lair:8   | HP: 4/92 [spriggan rider/spear (10)]
 17513 | Lair:8   | Received a gift from Okawaru
 17933 | Lair:8   | Got a scorched scale mail
 18041 | Lair:8   | Identified the cursed +1 scale mail of Ilygos {rElec rPois MR+ Dex-3} (You found it on level 8 of the Lair of Beasts)
 18389 | Lair:8   | Identified Nes Goci's Disquisition on the Oath and the Frostbite
 18948 | Orc:1    | Entered Level 1 of the Orcish Mines
 19043 | Orc:1    | Noticed Snorg
 19057 | Orc:1    | Killed Snorg
 19311 | Orc:1    | You are sucked into a shaft!
 19311 | Orc:2    | Found Psilegof's Practical Paraphernalia.
 19597 | Orc:1    | Received a gift from Okawaru
 20059 | Orc:2    | Noticed an orc warlord
 20080 | Orc:2    | Killed an orc warlord
 20124 | Orc:2    | Reached skill level 15 in Maces & Flails
 20133 | Orc:2    | Reached XP level 15. HP: 93/100 MP: 22/22
 20219 | Orc:2    | Found a roughly hewn altar of Beogh.
 20534 | Orc:3    | Found a staircase to the Elven Halls.
 20817 | Orc:4    | Entered Level 4 of the Orcish Mines
 20949 | Orc:4    | Received a gift from Okawaru
 20965 | Orc:4    | Got an ancient hat {god gift}
 20978 | Orc:4    | Identified the +2 hat "Kess" {Slay+2} (Okawaru gifted it to you on level 4 of the Orcish Mines)
 21039 | Orc:4    | Noticed Maurice
 21047 | Orc:4    | Killed Maurice
 21106 | Orc:4    | Found Peblu's Distillery.
 21216 | Orc:4    | Found Cagumoad's General Store.
 21216 | Orc:4    | Found Fitinn's Food Shop.
 21216 | Orc:4    | Found Miesyn's Food Boutique.
 21267 | Orc:4    | Found Ygeme's Food Emporium.
 21891 | Elf:1    | Entered Level 1 of the Elven Halls
 21942 | Elf:1    | Reached skill level 1 in Dodging
 22219 | Elf:1    | Found an ancient bone altar of Kikubaaqudgha.
 22433 | Elf:1    | Noticed Asterion
 22458 | Elf:1    | Killed Asterion
 22774 | Elf:2    | Found Cadusek's Book Shoppe.
 22996 | Elf:2    | Found a huge runed gate.
 22996 | Elf:2    | Found a huge runed gate.
 22996 | Elf:2    | Found a huge runed gate.
 23083 | Elf:2    | Received a gift from Okawaru
 23652 | Elf:2    | Reached skill level 15 in Fighting
 23670 | Elf:2    | Reached skill level 15 in Armour
 23670 | Elf:2    | Reached XP level 16. HP: 39/108 MP: 23/23
 23692 | Elf:2    | Received a gift from Okawaru
 23940 | Elf:2    | Reached skill level 16 in Maces & Flails
 24679 | Lair:3   | Noticed a death yak
 24679 | Lair:3   | Noticed a death yak
 24680 | Lair:3   | Noticed a death yak
 24680 | Lair:3   | Noticed a death yak
 24706 | Lair:3   | Killed a death yak
 24712 | Lair:3   | Killed a death yak
 24717 | Lair:3   | Killed a death yak
 24723 | Lair:3   | Killed a death yak
 24803 | Snake:1  | Entered Level 1 of the Snake Pit
 25136 | Snake:1  | Noticed Oddysee's ghost (mighty MiBe)
 25175 | Snake:1  | Killed Oddysee's ghost
 25711 | Snake:1  | Found an opulent altar of Gozag.
 26115 | Snake:1  | Reached skill level 5 in Dodging
 26304 | Snake:2  | Received a gift from Okawaru
 26383 | Snake:2  | Found Uwikeuwk's Specialty Armours.
 26599 | Snake:2  | Got a crystal great sword
 26648 | Snake:2  | Identified the +6 great sword of Tartarus {elec, +Blink rC+ MP+9 Int+3} (You found it on level 2 of the Snake Pit)
 27305 | Snake:3  | Reached XP level 17. HP: 115/115 MP: 24/24
 27320 | Snake:3  | Received a gift from Okawaru
 27721 | Snake:3  | Reached skill level 10 in Shields
 27871 | Snake:3  | Got a warped hand crossbow
 27873 | Snake:3  | Identified the cursed +3 hand crossbow of World's End {elec, rPois} (You took it off a salamander on level 3 of the Snake Pit)
 28337 | Swamp:1  | Entered Level 1 of the Swamp
 28367 | Swamp:1  | Noticed Frances
 28385 | Swamp:1  | Killed Frances
 30026 | Swamp:3  | Reached skill level 17 in Maces & Flails
 30029 | Swamp:3  | Received a gift from Okawaru
 30037 | Swamp:3  | Got a pitted hat {god gift}
 30054 | Swamp:3  | Identified the +0 hat "Jauwkiroqi" {+Blink rF+ Str+2} (Okawaru gifted it to you on level 3 of the Swamp)
 30835 | Swamp:4  | Entered Level 4 of the Swamp
 30891 | Swamp:4  | Noticed Roxanne
 30920 | Swamp:4  | Killed Roxanne
 31143 | Swamp:4  | Reached XP level 18. HP: 39/122 MP: 20/25
 31335 | Swamp:4  | Got a decaying rune of Zot
 31414 | Swamp:4  | Noticed Nikola
 31416 | Swamp:4  | Noticed Louise
 31425 | Swamp:4  | Noticed Kirke
 31454 | Swamp:4  | Killed Louise
 31469 | Swamp:4  | Killed Kirke
 31905 | Swamp:4  | Got a sapphire-encrusted leather armour
 31916 | Swamp:4  | Identified the +3 leather armour of Ucusk {rF- MR+ MP+9} (You found it on level 4 of the Swamp)
 32033 | Swamp:1  | Received a gift from Okawaru
 32197 | Snake:4  | Entered Level 4 of the Snake Pit
 32661 | Snake:4  | Received a gift from Okawaru
 32964 | Snake:4  | Got a transparent long sword
 32965 | Snake:4  | Identified the +5 long sword of Gutron {slice, rC+} (You found it on level 4 of the Snake Pit)
 33080 | Snake:4  | Found a shimmering altar of Xom.
 33670 | Snake:4  | Noticed Mara
 33678 | Snake:4  | Noticed Fluffy's illusion
 33680 | Snake:4  | Reached XP level 19. HP: 26/128 MP: 21/26
 33994 | Snake:4  | Received a gift from Okawaru
 34167 | Snake:4  | Noticed Fluffy's illusion
 34181 | Snake:4  | Killed Mara
 34194 | Snake:4  | Got a serpentine rune of Zot
 34745 | Elf:3    | Entered Level 3 of the Elven Halls
 35042 | Elf:3    | Found Fenasy's General Store.
 35059 | Elf:3    | Found Xociz's Weapon Emporium.
 35077 | Elf:3    | Found Girequim's Book Shop.
 35236 | Elf:3    | Reached skill level 18 in Maces & Flails
 35615 | Elf:3    | Got a spiked fire dragon armour
 35627 | Elf:3    | Identified the +3 fire dragon armour "Toguenae" {rF++ rC- rN+} (You took it off a deep elf priest on level 3 of the Elven Halls)
 36007 | Elf:3    | Received a gift from Okawaru
 36281 | Elf:3    | Noticed a Brimstone Fiend
 36466 | Elf:3    | Got an ancient morningstar
 36468 | Elf:3    | Identified the +9 morningstar of the Tooth {drain, Int-4 Dex+2 Stlth+} (You found it on level 3 of the Elven Halls)
 36472 | Elf:3    | Got a sapphire-encrusted scale mail
 36484 | Elf:3    | Identified the +5 scale mail of the Jabberwock {+Inv rElec rC+ Dex-4} (You found it on level 3 of the Elven Halls)
 36556 | Elf:3    | Got an ancient ring mail
 36574 | Elf:3    | Identified the +2 ring mail "Saomouru" {rElec rN+ MR- Dex+5} (You found it on level 3 of the Elven Halls)
 36916 | D:11     | Noticed Gastronok
 36931 | D:11     | Killed Gastronok
 36931 | D:11     | Reached XP level 20. HP: 77/136 MP: 27/27
 37245 | D:11     | Got a spiked scale mail
 37256 | D:11     | Identified the +6 scale mail "Quleyh" {rCorr} (You found it on level 11 of the Dungeon)
 37284 | D:11     | Noticed Erolcha
 37291 | D:11     | Killed Erolcha
 37522 | D:11     | Noticed Urug
 37531 | D:11     | Killed Urug
 38278 | D:12     | Noticed Nergalle
 38282 | D:12     | Killed Nergalle
 38587 | D:13     | Received a gift from Okawaru
 38621 | D:13     | Got an ichor-stained hat {god gift}
 38694 | D:12     | Identified the +2 hat of Ibuc Uma {rC+} (Okawaru gifted it to you on level 13 of the Dungeon)
 38759 | D:13     | Reached skill level 10 in Dodging
 39445 | D:13     | Found a gate to the Vaults.
 39627 | D:14     | Found a frozen archway.
 39633 | IceCv    | Entered an ice cave
 40134 | IceCv    | Identified a +2 rod of destruction (13/13) (You found it in an ice cave)
 40517 | D:14     | Found Zezofyelou's Antique Weapon Shoppe.
 40517 | D:14     | Found Myjyen's Magic Scroll Emporium.
 40704 | D:14     | Found Tiahoro's Assorted Antiques.
 40713 | D:14     | Bought a lumpy brass amulet for 135 gold pieces
 40854 | D:14     | Found Hoummife's Weapon Emporium.
 40982 | D:15     | Entered Level 15 of the Dungeon
 41476 | D:15     | Found a staircase to the Depths.
 41705 | Vaults:1 | Entered Level 1 of the Vaults
 41719 | Vaults:1 | Received a gift from Okawaru
 41933 | Vaults:1 | Received a gift from Okawaru
 41938 | Vaults:1 | Got a creamy pearl robe {god gift}
 41952 | Vaults:1 | Identified the +1 robe of the Untouchables {rPois rC- MR+} (Okawaru gifted it to you on level 1 of the Vaults)
 42097 | Vaults:1 | Reached XP level 21. HP: 108/143 MP: 28/28
 42646 | Vaults:1 | Found Hoqef's Armour Shoppe.
 43122 | Vaults:1 | Reached skill level 19 in Fighting
 43392 | Vaults:2 | Found a staircase to the Crypt.
 43392 | Vaults:2 | Found a basalt altar of Yredelemnul.
 43465 | Vaults:2 | Found an ancient bone altar of Kikubaaqudgha.
 44094 | Vaults:2 | Received a gift from Okawaru
 44258 | Vaults:2 | Got a ripped robe
 44269 | Vaults:2 | Identified the +2 robe of Locuipa {rF- Str+4 Dex+3} (You found it on level 2 of the Vaults)
 44313 | Vaults:2 | Reached skill level 15 in Shields
 45574 | Vaults:3 | Gained mutation: You possess an exceptional clarity of mind. [potion of beneficial mutation]
 45675 | Vaults:3 | Received a gift from Okawaru
 45855 | Vaults:3 | Reached XP level 22. HP: 150/150 MP: 29/29
 47261 | Vaults:4 | Received a gift from Okawaru
 47523 | Vaults:4 | Reached skill level 20 in Fighting
 47708 | Vaults:4 | Found Valaotz's Magic Scroll Boutique.
 47744 | Vaults:4 | Bought a scroll of teleportation for 51 gold pieces
 48261 | Crypt:1  | Entered Level 1 of the Crypt
 48991 | Crypt:2  | Identified Sif Muna's Reference Book on the Glacier
 49654 | Crypt:3  | Entered Level 3 of the Crypt
 49698 | Crypt:3  | Found a staircase to the Tomb.
 49961 | Crypt:3  | Reached XP level 23. HP: 158/158 MP: 21/30
 49993 | Crypt:3  | Received a gift from Okawaru
 50384 | Crypt:3  | Identified a +2 pair of boots of running (You found it on level 3 of the Crypt)
 50644 | Crypt:3  | Found an ancient bone altar of Kikubaaqudgha.
 50847 | Crypt:3  | Upgraded the game from 0.17-a0-1337-ge651487 to 0.17-a0-1360-g37db002
 50850 | Crypt:3  | Got a shimmering turquoise ring
 50850 | Crypt:3  | Got a shimmering iron ring
 50853 | Crypt:3  | Identified the ring "Ciczot" {rPois rF+ rN+ Str+3} (You found it on level 3 of the Crypt)
 50855 | Crypt:3  | Identified the ring of Sloth {rN+ Dex+2} (You found it on level 3 of the Crypt)
 50859 | Crypt:3  | Got a glittering wooden ring
 50860 | Crypt:3  | Identified the ring of the Suburbs {rPois rC- rN+ MR+} (You found it on level 3 of the Crypt)
 50938 | Crypt:3  | Received a gift from Okawaru
 51898 | Slime:1  | Entered Level 1 of the Pits of Slime
 52488 | Slime:1  | Annihilated by an enormous slime creature

Vault maps used:
D:1:      erik_arrival_cave_to_civilisation
D:2:      uniq_crazy_yiuf_cottage
D:3:      kennysheep_goblin_castle
D:4:      gammafunk_temple_overflow_wave, minmay_temple_entry_large_hall,
          serial_shops, shop, uniq_blork_the_orc
D:5:      first_bread, uniq_duvessa, uniq_edmund
D:6:      tso_oasis_becter, hex_tiny, nicolae_good_shop, uniq_sigmund,
          uniq_menkaure
D:7:      fedhas_altar_2, serial_shops, kennysheep_little_box
D:8:      lemuel_coloured_pillars_altar, grunt_pizzeria, lemuel_tele_altar
D:9:      zombieorc2_lemuel, nrook_guardian_serpent_ordinary
D:10:     grunt_lair_entry_elf_guard_hut, minivault_24, uniq_joseph
D:11:     grunt_tough_drop, uniq_erolcha, uniq_urug, uniq_gastronok
D:12:     uniq_nergalle
D:13:     david_vaults_1, minmay_beelzebubs_servants
D:14:     portal_ice_cave_entry_horrid_things, serial_shops, shop,
          nicolae_shop_overgrown_old_shop, shop, nicolae_shop_stone
D:15:     grunt_enter_depths_hoard, roderic_lattice_a
Temple:   chambers_temple_14
Lair:1:   serial_bayou_shore_b, uniq_prince_ribbit2
Lair:3:   beast_lair_carwin_large_2, lemuel_fruit_tree, serial_bayou_shore_b
Lair:5:   guppyfry_snake_entry_garden, grunt_forest_large_clearings
Lair:6:   minmay_swamp_entry_wisps, dpeg_slime_entry_corner,
          bh_autumn_forest_stairs, lemuel_fruit_fields
Lair:7:   minmay_slime_entry_pillars, hibernation_bobbens, uniq_maud
Lair:8:   minmay_lair_end_enchanted_forest, grunt_megastairs_3
Swamp:1:  nicolae_swamp_trees_clearing, swamp_pool5, uniq_frances
Swamp:2:  infiniplex_staircase_pool_2
Swamp:3:  serial_swamp_ruin, evilmike_swamp_ruin_house_1,
          evilmike_swamp_ruin_house_3, evilmike_swamp_ruin_rubble_1,
          swamp_pool5, st_swamp_ruins_2
Swamp:4:  swamp_alternative, uniq_roxanne, uniq_kirke, uniq_nikola, uniq_louise
Snake:1:  basic_altar, serial_bayou_pond_d
Snake:2:  st_stairs_6, nicolae_barding_shop
Snake:4:  snake_hunt, basic_altar, grunt_ministairs_5, uniq_mara
Slime:1:  basic_altar
Slime:2:  cheibrodos_slime_lost_civilization_7
Orc:1:    mines5_lemuel, uniq_snorg
Orc:2:    orc_temple, nicolae_alphabet_shops
Orc:3:    nicolae_orc_accident_1, nicolae_orc_pool_cavern
Orc:4:    st_orc_rangers, serial_shops, nicolae_shop_trees, uniq_maurice
Elf:1:    minmay_elf_arrival_summoners, basic_altar, minivault_28, uniq_asterion
Elf:2:    serial_shops, nicolae_shop_competitors_out_of_business, st_stairs_1,
          nicolae_elf_glass_and_crystal_pillar_1
Elf:3:    elf_hall, serial_shops, shop, shop, nicolae_shop_trees, st_stairs_9
Vaults:1: nicolae_vaults_twisting_passages, vaults_dpeg_diagonal,
          nicolae_vaults_lopsided_apartments, ontoclasm_vaults_decontamination,
          vaults_room_grunt_arrival_ludios, vaults_mumra_lcd, vaults_dpeg_ring,
          vaults_room_pools, serial_glass, serial_shops, shop
Vaults:2: minmay_crypt_entry_necro_gods, v_misc_24, v_alt_pattern_6, v_rooms_1,
          vaults_mumra_minichess_inversion, v_misc_2, grunt_vaults_hallway_long,
          nicolae_vaults_little_squares_6, vaults_room_pools, vaults_dpeg_hooks,
          dpeg_vaults_monster_box, vaults_room_semicircle
Vaults:3: hangedman_vaults_unwind, hangedman_vaults_nodes, v_misc_3,
          vaults_dpeg_cross, hangedman_vaults_variations, v_misc_1,
          serial_ice_h, hangedman_vaults_nails, vaults_room_semicircle,
          ontoclasm_vaults_tryst, nicolae_vaults_little_ls
Vaults:4: ontoclasm_vaults_shuriken, nicolae_vaults_little_squares_3,
          vaults_dpeg_doors, ontoclasm_vaults_ring_small,
          ontoclasm_vaults_ring_large, v_misc_16, v_misc_27, vaults_room_fours,
          v_misc_11, vaults_room_mumra_shop_pool
Crypt:1:  grunt_crypt_arrival_webbed
Crypt:2:  grunt_megastairs_2
Crypt:3:  church_of_pain_bobbens, st_stairs_6
IceCv:    ice_cave_caverns_01

Action                   |  1- 3 |  4- 6 |  7- 9 | 10-12 | 13-15 | 16-18 | 19-21 | 22-24 || total
-------------------------+-------+-------+-------+-------+-------+-------+-------+-------++-------
Melee: Flail             |   146 |   278 |   529 |   918 |   674 |       |       |       ||  2545
       Eveningstar       |       |       |       |       |  1283 |  1790 |  2641 |  1454 ||  7168
Invok: Heroism           |       |       |       |     1 |     4 |     8 |     4 |     2 ||    19
       Finesse           |       |       |       |       |     1 |     7 |     4 |     2 ||    14
 Abil: Fly               |       |       |       |       |     1 |     4 |       |       ||     5
Evoke: Rod               |       |       |       |       |       |       |       |     3 ||     3
  Use: Scroll            |       |       |    23 |     7 |     5 |     6 |     6 |     2 ||    49
       Potion            |       |       |       |       |     2 |    10 |     3 |       ||    15
 Stab: Sleeping          |       |       |       |     2 |     2 |       |     1 |       ||     5
       Fleeing           |       |       |       |       |     1 |       |     1 |       ||     2
       Confused          |       |       |       |       |       |     1 |       |       ||     1
       Distracted        |       |       |       |       |       |       |     1 |       ||     1
  Eat: Chunk             |     1 |     5 |    17 |    18 |    35 |    27 |    40 |    15 ||   158
       Royal jelly       |       |       |       |     1 |       |     3 |       |     4 ||     8
       Fruit             |       |       |       |     1 |       |     2 |       |       ||     3
       Beef jerky        |       |       |       |       |       |       |     3 |       ||     3
